 Dungeon Crawl Stone Soup version 0.21.1-1-g345015f (webtiles) character file.

33 skizelo the Ruffian (level 3, 26/26 (30) HPs)
             Began as a Ghoul Gladiator on June 11, 2018.
             Quit the game on level 1 of the Dungeon.
             The game lasted 00:09:06 (1076 turns).

skizelo the Ruffian (Ghoul Gladiator)               Turns: 1076, Time: 00:09:06

HP:   26/26 (30)    AC:  4    Str: 17    XL:     3   Next: 29%
MP:   2/2           EV: 12    Int:  3    God:
Gold: 62            SH:  0    Dex: 11    Spells: 2/2 levels left

rFire    . . .     SeeInvis .     - Unarmed
rCold    + . .     Gourm    .   (no shield)
rNeg     + + +     Faith    .   a - +0 leather armour
rPois    ∞         Spirit   .   b - +0 helmet
rElec    .         Reflect  .   (no cloak)
rCorr    .         Harm     .   (no gloves)
MR       .....                  (no boots)
Stlth    +.........             (no amulet)
HPRegen  0.08/turn              (no ring)
MPRegen  0.08/turn              (no ring)

@: rotting
A: rotting body, claws 1, carnivore, cold resistance 1, negative energy
resistance 3, inhibited regeneration, torment resistance, unbreathing
a: no special abilities


You were on level 1 of the Dungeon.
You were hungry.

You visited 1 branch of the dungeon, and saw 2 of its levels.

You collected 62 gold pieces.

Inventory:

Hand Weapons
 e - a +0 club
Missiles
 c - 3 throwing nets (quivered)
Armour
 a - a +0 leather armour (worn)
 b - a +0 helmet (worn)
Scrolls
 f - a scroll of remove curse {unknown}
 h - a scroll of magic mapping {unknown}
 i - a scroll of teleportation {unknown}
Potions
 g - a potion of might {unknown}
Comestibles
 d - 2 rations


   Skills:
 + Level 2.5 Fighting
 + Level 2.0 Throwing
 + Level 0.5 Armour
 + Level 3.1 Dodging
 + Level 3.7 Unarmed Combat


You had 2 spell levels left.
You didn't know any spells.

Dungeon Overview and Level Annotations

Branches:
Dungeon (2/15)

Altars:


Innate Abilities, Weirdness & Mutations

Your body is rotting away.
You thrive on raw meat.
You are immune to poison.
You have sharp fingernails.
You are carnivorous and can eat meat at any time.
Your flesh is cold resistant. (rC+)
You are immune to negative energy. (rN+++)
You do not regenerate when monsters are visible.
You are immune to unholy pain and torment.
You can survive without breathing.


Message History

You kill the giant cockroach!
You now have 58 gold pieces (gained 15).
i - a scroll labeled ZILAXTORAPN
There is a stone staircase leading down here.
Found a stone staircase leading down.
A leopard gecko comes into view.
You scratch the leopard gecko.
The leopard gecko is almost dead.
The leopard gecko barely misses you.
You scratch the leopard gecko.
You kill the leopard gecko!
HP restored.
You now have 62 gold pieces (gained 4).
You are feeling hungry.
There is an open door here.
You see here a bat skeleton.
Items here: ÷÷÷÷ a jackal skeleton x2; a bat skeleton x2
Unknown command.
Are you sure you want to abandon this character and quit the game? (Confirm with "yes".)

#...#.#######+#................#
##.........##.#'###########.####
#.........+............# #.####
#.........###..........###'#...
#.........# #...............÷..
#.........# #.......)..........
##.........# #..................
#..........# ##÷#######.........
#..........# #@# #.........
#...######## #.# #####'####
#...# #.# #.# #...# #.# #.####
#...# #.# #..... #...#
#.################ #...#
#................# #...#
####...........#.# #...#
#.#########...#


There were no monsters in sight!

Vanquished Creatures
  A dart slug (D:1)
  A leopard gecko (D:1)
  2 giant cockroaches (D:1)
  4 goblins (D:1)
  2 hobgoblins (D:1)
  6 jackals (D:1)
  5 bats (D:1)
  A frilled lizard (D:1)
  3 rats (D:1)
25 creatures vanquished.

Notes
Turn   | Place    | Note
-------+----------+-------------------------------------------
     0 | D:1      | skizelo the Ghoul Gladiator began the quest for the Orb.
     0 | D:1      | Reached XP level 1. HP: 17/17 MP: 0/0
   461 | D:1      | Reached XP level 2. HP: 22/22 MP: 1/1
   779 | D:1      | Reached XP level 3. HP: 17/26 MP: 2/2
  1076 | D:1      | Quit the game

Skill      XL: |  1  2 |
---------------+-------+-----
Dodging        | 3 |  3.1
Throwing       | 2 |  2.0
Fighting       | |  2.5
Armour         | |  0.5
Unarmed Combat | |  3.7

Action                   || total
-------------------------++-------
Melee: Unarmed           ||    80
       Punch             ||     2
Armor: Leather armour    ||    18
Dodge: Dodged            ||    60
